 Dungeon Crawl Stone Soup version 0.24-a0-434-gd57e52fea8 (webtiles) character file.

Game seed: 4830396107944613705

5609 mhoghedin the Devastator (level 10, 0/58 HPs)
             Began as a Tengu Conjurer on June 16, 2019.
             Slain by Joseph
             ... wielding a +0 quarterstaff
              (16 damage)
             ... on level 7 of the Dungeon.
             The game lasted 00:21:04 (9679 turns).

mhoghedin the Devastator (Tengu Conjurer)           Turns: 9679, Time: 00:21:04

Health: 0/58       AC:  4    Str:  8    XL:     10   Next: 73%
Magic:  11/15      EV: 18    Int: 24    God:
Gold:   360        SH:  5    Dex: 18    Spells: 8/15 levels left

rFire    + . .     SeeInvis .   b - +1 spear
rCold    . . .     Gourm    .   x - +0 buckler
rNeg     . . .     Faith    .   a - +0 robe
rPois    .         Spirit   .   (helmet restricted)
rElec    .         Reflect  .   l - +0 cloak
rCorr    .         Harm     .   d - +0 pair of gloves
MR       .....     Rnd*Rage +   (boots unavailable)
Stlth    ++........             f - amulet of magic regeneration
HPRegen  0.19/turn              q - ring "Ynuinwuf" {+Inv Int+4}
MPRegen  0.39/turn              o - ring of protection from fire {rF+, !d}

@: flying quickly and evasively, quick
A: beak, talons 3, agile 1, berserk 2, clever 1, sense surroundings 1, able to
fly
a: Stop Flying, Evoke Invisibility


You were on level 7 of the Dungeon.
You were not hungry.

You visited 1 branch of the dungeon, and saw 10 of its levels.

You collected 360 gold pieces.

Inventory:

Hand Weapons
 b - a +1 spear (weapon)
   (You found it on level 1 of the Dungeon)
Armour
 a - a +0 robe (worn)
 d - a +0 pair of gloves (worn)
   (You found it on level 2 of the Dungeon)
 l - a +0 cloak (worn)
   (You found it on level 3 of the Dungeon)
 x - a +0 buckler (worn)
   (You found it on level 5 of the Dungeon)
Jewellery
 f - an amulet of magic regeneration (around neck)
   (You found it on level 1 of the Dungeon)
 o - a ring of protection from fire (right hand) {rF+, !d}
   (You found it on level 2 of the Dungeon)
 q - the ring "Ynuinwuf" (left hand) {+Inv Int+4}
   (You found it on level 4 of the Dungeon)

   [ring of intelligence]

   It affects your intelligence (+4).
   It lets you turn invisible.
Wands
 p - a wand of random effects (6)
   (You found it on level 8 of the Dungeon)
 v - a wand of iceblast (20)
   (You found it on level 6 of the Dungeon)
Scrolls
 e - a scroll of fog
 g - 2 scrolls of identify
 j - 7 scrolls of teleportation
 n - 7 scrolls of remove curse
 r - 3 scrolls of amnesia
 s - 2 scrolls of blinking {!r}
 w - a scroll of magic mapping {unknown}
Potions
 h - a potion of lignification {unknown}
 i - 6 potions of curing {unknown}
 k - a potion of experience
 m - 6 potions of might
 t - a potion of berserk rage {!q}
 u - 2 potions of brilliance {unknown}
Comestibles
 c - 14 rations
 z - 4 chunks of flesh {@w0}


   Skills:
 + Level 4.9 Fighting
 - Level 4.4 Polearms
 - Level 5.1 Dodging
 - Level 2.0 Stealth
 - Level 4.0 Shields
 + Level 3.1 Spellcasting
 - Level 16.0 Conjurations


You had 8 spell levels left.
You knew the following spells:

 Your Spells              Type           Power        Failure   Level  Hunger
a - Magic Dart            Conj           ####         0%          1    None
b - Searing Ray           Conj           ######       1%          2    ##.....
x - Iskenderun's Mystic   Conj           ######..     1%          4    ####...

Your spell library contained the following spells:

 Spells                   Type           Power        Failure   Level  Hunger
 Dazzling Spray           Conj/Hex       #####.       1%          3    ###....
 Force Lance              Conj/Tloc      #####...     4%          4    ####...
 Fulminant Prism          Conj/Hex       #####.....   4%          4    ####...


Dungeon Overview and Level Annotations

Branches:
Dungeon (10/15)            Temple (0/1) D:4            Lair (0/6) D:10
    Orc: D:9-12

Altars:
Gozag
Makhleb
Okawaru

Shops:
D:7 (   D:10 (

Annotations:
D:7 Joseph


Innate Abilities, Weirdness & Mutations

You have a beak for a mouth.
You have claws for feet.
You can fly continuously.
You are agile. (Dex +2)
You often lose your temper in combat.
Your mind is acute. (Int +2)
You passively map a small area around you.


Message History

You hit the hippogriff. You peck the hippogriff!
The hippogriff bites you but does no damage.
You block the hippogriff's attack. The hippogriff completely misses you.
You barely miss the hippogriff. Your kick misses the hippogriff.
You puncture the hippogriff! You claw the hippogriff.
The orc hits you but does no damage. The hippogriff barely misses you.
The hippogriff pecks you! The hippogriff closely misses you.
The scorpion misses you.
You take 7 damage, and have 80/87 hp.
You puncture the hippogriff!
You kill the hippogriff!
Your Spellcasting skill increases to level 3!
The orc barely misses you.
You barely miss the scorpion. You claw the scorpion!
The scorpion closely misses you.
You hit the scorpion.
You peck the scorpion, but do no damage.
The orc completely misses you.
You puncture the scorpion! Your peck misses the scorpion.
You block the scorpion's attack.
You hit the scorpion.
You kill the scorpion!
The orc hits you but does no damage. You block the orc's attack.
You completely miss the orc. You hit the orc. You claw the orc.
You kill the orc!
The orc misses you.
The orc wizard casts a spell.
The orc wizard seems to speed up.
You puncture the orc!
You kill the orc!
You barely miss the orc wizard. The orc wizard misses you.
You puncture the orc wizard! You peck the orc wizard.
You kill the orc wizard!
No target in view!
You are no longer berserk.
You are exhausted.
You feel yourself slow down.
Things that are here:
a +2 dagger of speed; a +0 robe; a hippogriff corpse You now have 54/58 hp.
You see here a scorpion corpse.
Things that are here:
a +0 war axe; a +0 leather armour; an orc corpse You see here a jackal corpse.
You butcher the jackal corpse.
z - a chunk of flesh {@w0} You see here a jackal skeleton.
Things that are here:
a +2 dagger of speed; a +0 robe; a hippogriff corpse You butcher the hippogriff corpse.
z - 4 chunks of flesh {@w0} (gained 3)
Things that are here:
a +2 dagger of speed; a +0 robe; a hippogriff skeleton
r - 3 scrolls of amnesia (gained 1)
You see here a +0 dagger.
There isn't anything to butcher here.
Things that are here:
a short sword; a jackal corpse
g - 2 scrolls of identify (gained 1)
You feel yourself speed up.
Found a stone staircase leading up.
Health restored: 58
Found a glowing hand axe.
You recover from your berserk rage.
Joseph is too close now for your liking.
Joseph is nearby!
Joseph is nearby!
Joseph shouts!
You hit Joseph. You peck Joseph, but do no damage. Joseph closely misses you.
You barely miss Joseph. You hit Joseph. You block Joseph's attack.
You closely miss Joseph. Your kick misses Joseph.
Joseph hits you with a +0 quarterstaff!!
You take 18 damage, and have 40/58 hp.
MASSIVE DAMAGE!!
You hit Joseph but do no damage. Joseph closely misses you.
You hit Joseph but do no damage. You claw Joseph, but do no damage.
You block Joseph's attack.
You hit Joseph. You claw Joseph. You peck Joseph, but do no damage.
You completely miss Joseph. Your kick misses Joseph.
Joseph completely misses you.
You closely miss Joseph. Your kick misses Joseph.
Joseph hits you with a +0 quarterstaff!
You take 8 damage, and have 32/58 hp.
You are too injured to fight recklessly!
You are too injured to fight recklessly!
You are too injured to fight recklessly!
You hit Joseph. You claw Joseph. Joseph hits you with a +0 quarterstaff.
You take 5 damage, and have 27/58 hp.
You hit Joseph. Your kick misses Joseph.
Joseph hits you with a +0 quarterstaff!
* * * LOW HITPOINT WARNING * * *
You take 11 damage, and have 16/58 hp.
You hit Joseph. You claw Joseph.
Okay, then.
Unknown command.
Aim: Joseph, wielding a +0 quarterstaff and wearing a cursed +0 leather armour (moderately wounded)
The orb of energy hits Joseph!
Joseph hits you with a +0 quarterstaff!
You die...

, , * #. * ... ..
##. * , , *.#
###...# ... * * ##
.##......###... ,
#., ....#..........
*
#.##.##.#..........
#%@...?..........#.
#.@..)....##.......
#.........#.......#
#.........#†))....#
#.........#)÷.....#
#....<....#..)....#
#.........#>......#
#.........#.......#
#.........#.......#
#####.......#...###


You could see Joseph.

Vanquished Creatures
  A two-headed ogre (D:8)
  A komodo dragon (D:10)
  Grinder (D:5)
  2 hippogriffs
  4 yaks (D:10)
  3 hungry ghosts
  2 orc warriors
  A black bear (D:9)
  2 phantoms
  2 ogres (D:4)
  3 centaurs
  2 big kobolds
  4 bullfrogs
  6 scorpions
  A howler monkey (D:6)
  3 crimson imps
  A centaur zombie (D:8)
  3 jellies
  4 orc priests
  3 centaur skeletons
  4 hounds
  4 iguanas
  Natasha (twice) (D:3)
  9 orc wizards
  9 worker ants
  8 adders
  4 gnolls
  3 shadow imps
  2 adder skeletons (D:4)
  2 adder zombies
  3 worms
  4 dart slugs
  4 leopard geckos
  33 orcs
  3 ball pythons
  4 bats
  3 giant cockroaches
  4 goblins
  4 hobgoblins
  9 jackals
  16 kobolds
  2 quokkas (D:3)
  9 frilled lizards
  2 leopard gecko skeletons
  5 rats
201 creatures vanquished.

Vanquished Creatures (others)
  An adder (D:10)
  21 plants (D:10)
22 creatures vanquished.

Grand Total: 223 creatures vanquished

Notes
Turn   | Place    | Note
-------+----------+-------------------------------------------
     0 | D:1      | mhoghedin the Tengu Conjurer began the quest for the Orb.
     0 | D:1      | Reached XP level 1. HP: 10/10 MP: 4/4
   329 | D:1      | Reached XP level 2. HP: 15/15 MP: 3/6
   333 | D:1      | Learned a level 2 spell: Searing Ray
   464 | D:1      | Reached skill level 6 in Conjurations
  1177 | D:2      | Reached XP level 3. HP: 19/19 MP: 5/7
  1608 | D:2      | Reached skill level 7 in Conjurations
  1608 | D:2      | Reached XP level 4. HP: 24/24 MP: 1/8
  1610 | D:2      | Gained mutation: You have supernaturally acute eyesight.
                  | (SInv) [potion of mutation]
  1610 | D:2      | Gained mutation: You tend to lose your temper in combat.
                  | [potion of mutation]
  1610 | D:2      | Gained mutation: You are somewhat resistant to further
                  | mutation. [potion of mutation]
  2066 | D:3      | Found a burning altar of Makhleb.
  2142 | D:3      | Learned a level 4 spell: Iskenderun's Mystic Blast
  2215 | D:3      | Reached skill level 8 in Conjurations
  2442 | D:3      | Gained mutation: You can fly continuously. [Tengu growth]
  2442 | D:3      | Reached XP level 5. HP: 28/28 MP: 5/9
  2442 | D:3      | Noticed Natasha
  2580 | D:3      | Lost mutation: You have supernaturally acute eyesight.
                  | (SInv) [potion of mutation]
  2580 | D:3      | Lost mutation: You are somewhat resistant to further
                  | mutation. [potion of mutation]
  2580 | D:3      | Gained mutation: Your mind is acute. (Int +2) [potion of
                  | mutation]
  2580 | D:3      | Gained mutation: You passively map a small area around you.
                  | [potion of mutation]
  2580 | D:3      | Gained mutation: You often lose your temper in combat.
                  | [potion of mutation]
  2580 | D:3      | Gained mutation: You are agile. (Dex +2) [potion of
                  | mutation]
  3024 | D:3      | Killed Natasha
  3024 | D:3      | Reached skill level 9 in Conjurations
  3032 | D:3      | Noticed Natasha
  3036 | D:3      | Killed Natasha
  3036 | D:3      | Reached XP level 6. HP: 15/32 MP: 6/10
  3416 | D:4      | Reached skill level 10 in Conjurations
  3612 | D:4      | Found a staircase to the Ecumenical Temple.
  3621 | D:4      | Reached XP level 7. HP: 21/36 MP: 7/11
  3627 | D:4      | Reached skill level 11 in Conjurations
  3897 | D:4      | Got a steaming ivory ring
  3975 | D:4      | Identified the ring "Ynuinwuf" {+Inv Int+4} (You found it
                  | on level 4 of the Dungeon)
  4442 | D:5      | Entered Level 5 of the Dungeon
  4751 | D:5      | Reached skill level 12 in Conjurations
  4801 | D:5      | Reached XP level 8. HP: 37/41 MP: 1/12
  5003 | D:5      | Found an iron altar of Okawaru.
  5208 | D:5      | Noticed Grinder
  5212 | D:5      | Killed Grinder
  5212 | D:5      | Reached skill level 13 in Conjurations
  6063 | D:6      | Reached skill level 14 in Conjurations
  6099 | D:6      | HP: 8/41 [orc warrior/cursed +0 war axe (20)]
  6458 | D:6      | Reached XP level 9. HP: 30/45 MP: 8/13
  6706 | D:6      | Reached skill level 15 in Conjurations
  7100 | D:7      | Found Cyasioli's Weapon Emporium.
  7112 | D:7      | Found an opulent altar of Gozag.
  7224 | D:7      | Reached skill level 16 in Conjurations
  7301 | D:7      | Noticed Joseph
  7316 | D:7      | HP: 6/46 [Joseph/+0 quarterstaff (18)]
  7321 | D:7      | You are sucked into a shaft and drop 3 floors!
  7321 | D:10     | Entered Level 10 of the Dungeon
  7321 | D:10     | Found Buptov's Antique Weapon Emporium.
  7329 | D:10     | Noticed a two-headed ogre
  7330 | D:10     | Identified a scroll of acquirement
  7331 | D:10     | Got a dazzling longbow
  7331 | D:10     | HP: 3/46 [centaur/arrow (5)]
  7580 | D:10     | Found a staircase to the Lair.
  7580 | D:10     | Noticed a komodo dragon
  7591 | D:10     | Reached skill level 1 in Fighting
  7591 | D:10     | Reached skill level 1 in Polearms
  7591 | D:10     | Reached skill level 1 in Shields
  7592 | D:10     | HP: 10/47 [komodo dragon (28)]
  7624 | D:10     | Killed a komodo dragon
  7624 | D:10     | Reached skill level 3 in Dodging
  7628 | D:10     | HP: 4/48 [yak (12)]
  7629 | D:10     | Reached skill level 2 in Fighting
  7629 | D:10     | Reached skill level 2 in Polearms
  7629 | D:10     | Reached skill level 2 in Shields
  7664 | D:10     | Reached XP level 10. HP: 10/54 MP: 10/14
  7676 | D:10     | Reached skill level 3 in Polearms
  7676 | D:10     | Reached skill level 4 in Dodging
  7943 | D:9      | Reached skill level 3 in Fighting
  7943 | D:9      | Reached skill level 3 in Shields
  8249 | D:8      | Identified the +0 longbow of Ampeur {venom, MR- Str+9
                  | Int-4} (You acquired it on level 10 of the Dungeon)
  8735 | D:8      | Noticed a two-headed ogre
  8796 | D:8      | Killed a two-headed ogre
  8796 | D:8      | Reached skill level 4 in Fighting
  8796 | D:8      | Reached skill level 4 in Polearms
  8796 | D:8      | Reached skill level 5 in Dodging
  8796 | D:8      | Reached skill level 4 in Shields
  9616 | D:7      | Reached skill level 3 in Spellcasting
  9679 | D:7      | Slain by Joseph

Levels and vault maps discovered:
D:1:      noname_arrival_rooms_in_the_neighbourhood, layout_loops_corners
D:2:      layout_basic
D:3:      layout_basic, first_ration, serial_glass, glass_columns_a,
          glass_columns_b, glass_columns_a, glass_columns_a, glass_columns_a,
          glass_columns_b, glass_columns_c, glass_columns_b, bloody_makhleb,
          uniq_natasha
D:4:      layout_basic, minmay_temple_entry_ruins, eino_curves_04,
          kennysheep_generic_room_16
D:5:      layout_basic, okawaru_trees_2, uniq_grinder
D:6:      layout_cave_pools, minmay_misc_feat_more_columns,
          kennysheep_small_square
D:7:      layout_loops_cross, grunt_gozag_statues, serial_shops, shop,
          uniq_joseph
D:8:      layout_basic
D:9:      layout_loops_corners, hiddenorc2_lemuel, david_nohive_1
D:10:     layout_basic, david_lair_shrubbed, serial_shops, shop

Skill      XL: |  1  2  3  4  5  6  7  8  9 10 |
---------------+-------------------------------+-----
Conjurations   | 6 7 8 9 10 12 14 16 | 16.0
Fighting       | 2 4 |  4.9
Polearms       | 2 4 |  4.4
Shields        | 2 4 |  4.0
Dodging        | 3 5 |  5.1
Spellcasting   | 3 |  3.1
Stealth        | |  2.0

Action                   |  1- 3 |  4- 6 |  7- 9 | 10-12 || total
-------------------------+-------+-------+-------+-------++-------
Melee: Spear             |       |    29 |    65 |    75 ||   169
       Kick              |       |     5 |    19 |    24 ||    48
       Peck              |       |     2 |    13 |    12 ||    27
 Cast: Magic Dart        |    51 |    51 |    28 |     1 ||   131
       Searing Ray       |     3 |    12 |    19 |    11 ||    45
       Iskenderun's Myst |       |       |    54 |    32 ||    86
 Abil: Fly               |       |     1 |       |       ||     1
Evoke: Wand              |       |       |     5 |       ||     5
  Use: Scroll            |       |     5 |    12 |     1 ||    18
       Potion            |       |     4 |     3 |       ||     7
 Stab: Sleeping          |       |     4 |       |     1 ||     5
  Eat: Chunk             |     3 |     4 |    16 |    11 ||    34
       Ration            |       |     1 |     2 |     1 ||     4
Armor: Robe              |     1 |     3 |    24 |    10 ||    38
Dodge: Dodged            |     3 |    35 |   104 |    56 ||   198
Block: Buckler           |       |       |     6 |    28 ||    34

Table legend:
 A = Non-vault XP
 B = Vault XP
 C = Vault XP percentage of total XP
 D = Non-vault monster count
 E = Vault monster count
 F = Vault count percentage of total count
                 A         B        C        D         E       F
            +---------+---------+-------+---------+---------+-------
      Total |    7196 |     817 |  10.2 |     193 |       8 |   4.0
            +---------+---------+-------+---------+---------+-------
        D:1 |      33 |       0 |   0.0 |      16 |       0 |   0.0
        D:2 |      86 |       0 |   0.0 |      16 |       0 |   0.0
        D:3 |     178 |      36 |  16.8 |      27 |       1 |   3.6
        D:4 |     669 |       1 |   0.1 |      19 |       1 |   5.0
        D:5 |     688 |     267 |  28.0 |      24 |       1 |   4.0
        D:6 |    1053 |     158 |  13.0 |      25 |       4 |  13.8
        D:7 |     896 |       0 |   0.0 |      15 |       0 |   0.0
        D:8 |    2314 |       0 |   0.0 |      36 |       0 |   0.0
        D:9 |     223 |       0 |   0.0 |       6 |       0 |   0.0
       D:10 |    1056 |     355 |  25.2 |       9 |       1 |  10.0
            +---------+---------+-------+---------+---------+-------

Levels and vault maps discovered:
D:1:      noname_arrival_rooms_in_the_neighbourhood, layout_loops_corners
D:2:      layout_basic
D:3:      layout_basic, first_ration, serial_glass, glass_columns_a,
          glass_columns_b, glass_columns_a, glass_columns_a, glass_columns_a,
          glass_columns_b, glass_columns_c, glass_columns_b, bloody_makhleb,
          uniq_natasha
D:4:      layout_basic, minmay_temple_entry_ruins, eino_curves_04,
          kennysheep_generic_room_16
D:5:      layout_basic, okawaru_trees_2, uniq_grinder
D:6:      layout_cave_pools, minmay_misc_feat_more_columns,
          kennysheep_small_square
D:7:      layout_loops_cross, grunt_gozag_statues, serial_shops, shop,
          uniq_joseph
D:8:      layout_basic
D:9:      layout_loops_corners, hiddenorc2_lemuel, david_nohive_1
D:10:     layout_basic, david_lair_shrubbed, serial_shops, shop

Table legend:
 A = Turns spent in this place as a percentage of turns spent in the entire game.
 B = Non-inter-level travel turns spent in this place as a percentage of non-inter-level travel turns spent in the entire game.
 C = Inter-level travel turns spent in this place as a percentage of turns spent in this place.
 D = Turns resting spent in this place as a percentage of non-inter-level travel turns spent in this place.
 E = Turns spent auto-exploring this place as a percentage of non-inter-level travel turns spent in this place.
 F = Non-inter-level travel turns spent in this place divided by the number of levels of this place that you've seen.
                   A       B       C       D       E      F
               +-------+-------+-------+-------+-------+----------------------
         Total | 100.0 | 100.0 |   3.5 |  38.8 |  43.2 | 934.0
       Dungeon | 100.0 | 100.0 |   3.5 |  38.8 |  43.2 | 934.0
               +-------+-------+-------+-------+-------+----------------------

Table legend:
 A = Kills in this place as a percentage of kills in entire the game.
 B = Kills by you in this place as a percentage of kills by you in the entire game.
 C = Kills by friends in this place as a percentage of kills by friends in the entire game.
 D = Other kills in this place as a percentage of other kills in the entire game.
 E = Experience gained in this place as a percentage of experience gained in the entire game.
 F = Experience gained in this place divided by the number of levels of this place that you have seen.
                   A       B       C       D       E      F
               +-------+-------+-------+-------+-------+----------------------
         Total | 100.0 | 100.0 |   N/A |   N/A | 100.0 | 801.3
       Dungeon | 100.0 | 100.0 |   N/A |   N/A | 100.0 | 801.3
               +-------+-------+-------+-------+-------+----------------------
